 Dungeon Crawl Stone Soup version 0.26.0-10-g1f06aea511 (webtiles) character file.

Game seed: 5661802210750809890

453 Goblin1989 the Cutter (level 6, -1/47 HPs)
             Began as a Demonspawn Delver on Jan 26, 2021.
             Slain by an ogre
             ... wielding a +0 giant club
              (20 damage)
             ... on level 6 of the Dungeon.
             The game lasted 00:05:07 (1360 turns).

Goblin1989 the Cutter (Demonspawn Delver)           Turns: 1360, Time: 00:05:07

Health: -1/47      AC:  3    Str: 15    XL:     6   Next: 75%
Magic:  6/6        EV: 17    Int: 11    God:
Gold:   80         SH:  0    Dex: 14    Spells: 5/5 levels left

rFire    . . .     SeeInvis .   a - +0 short sword
rCold    . . .     Faith    .   (no shield)
rNeg     . . .     Spirit   .   b - +0 leather armour
rPois    .         Reflect  .   (no helmet)
rElec    .         Harm     .   (no cloak)
rCorr    .         Rampage  .   (no gloves)
Will     .....                  (no boots)
Stlth    ++........             (no amulet)
HPRegen  0.15/turn              (no ring)
MPRegen  0.10/turn              (no ring)

@: agile
A: hooves 2, powered by pain 1
a: no special abilities


You were on level 6 of the Dungeon.
You visited 1 branch of the dungeon, and saw 4 of its levels.

You collected 80 gold pieces.

Inventory:

Hand Weapons
 a - a +0 short sword (weapon)
Missiles
 P - 40 stones {@Q3}
 Q - 5 curare-tipped darts (quivered)
Armour
 b - a +0 leather armour (worn)
Magical Staves
 N - an uncursed staff of air {unknown}
Wands
 e - a wand of disintegration (20)
 g - a wand of digging (8) {@v1}
 O - a wand of paralysis (5) {@v7}
 R - a wand of iceblast (6) {@v4}
Scrolls
 c - a scroll of fog
 M - a scroll of magic mapping
 T - 2 scrolls of identify {unknown}
 U - a scroll of fear
Potions
 f - 2 potions of haste {@q3,}
 S - a potion of attraction {unknown}


   Skills:
 + Level 3.0 Fighting
 * Level 6.7 Short Blades
 + Level 0.0 Armour
 + Level 1.7 Dodging
 - Level 4.5 Stealth


You had 5 spell levels left.
You didn't know any spells.
Your spell library contained the following spells:

 Spells                   Type           Power        Failure   Level
 Magic Dart               Conj           0%           41%         1
 Searing Ray              Conj           0%           54%         2
 Dazzling Flash           Conj/Hex       0%           78%         3
 Fulminant Prism          Conj/Hex       0%           99%         4
 Iskenderun's Mystic Bla  Conj/Tloc      0%           99%         4


Dungeon Overview and Level Annotations

Branches:
Dungeon (7/15)
 Temple: D:4-7

Altars:
Xom


Innate Abilities, Weirdness & Mutations

You have hoof-like feet.
You sometimes gain a little power by taking damage.


Message History

There is a stone staircase leading down here.
You start resting.
HP restored.
Health restored: 47
Found a stone staircase leading down.
Found a leather armour.
Found a twisted bone wand.
You see here a wand of disintegration (20).
An orc comes into view. It is wielding a +0 flail.
The orc shouts!
You see here a wand of disintegration (20).
e - a wand of disintegration (20);
U - 2 scrolls of fear You hit the orc.
Your kick misses the orc.
The orc is lightly wounded.
You barely miss the orc.
The orc is lightly wounded.
The orc closely misses you.
You hit the orc. You kick the orc.
You kill the orc!
Things that are here:
a +0 flail; an orc corpse A frilled lizard comes into view.
A giant cockroach comes into view.
The frilled lizard hisses angrily.
You hit the frilled lizard.
You kick the frilled lizard, but do no damage.
The frilled lizard is heavily wounded.
The frilled lizard bites you.
You take 1 damage, and have 46/47 hp.
You hit the frilled lizard.
You kill the frilled lizard!
You hit the giant cockroach but do no damage.
You kick the giant cockroach, but do no damage.
The giant cockroach bites you but does no damage.
Health restored: 47 You hit the giant cockroach but do no damage.
Your kick misses the giant cockroach.
The giant cockroach completely misses you.
You hit the giant cockroach. Your kick misses the giant cockroach.
The giant cockroach is moderately wounded.
The giant cockroach bites you but does no damage.
You hit the giant cockroach.
The giant cockroach is heavily wounded.
The giant cockroach bites you but does no damage.
You completely miss the giant cockroach.
The giant cockroach is heavily wounded.
The giant cockroach barely misses you.
You closely miss the giant cockroach. Your kick misses the giant cockroach.
The giant cockroach is heavily wounded.
The giant cockroach barely misses you.
You barely miss the giant cockroach.
The giant cockroach is heavily wounded.
The giant cockroach bites you but does no damage.
You hit the giant cockroach.
You kill the giant cockroach!
Found a scroll of magic mapping.
Found a stone staircase leading up.
You fall into a shaft and drop 3 floors!
The shaft crumbles and collapses. 2 orcs come into view.
The orc shouts!
An orc priest comes into view. It is wielding a +0 mace.
Found a stone staircase leading up.
An orc comes into view. It is wielding a +0 flail.
The orc shouts! x2; The orc priest shouts!
An orc priest comes into view. It is wielding a +0 short sword.
The orc priest shouts!
Found a stone staircase leading down.
The orc priest calls down the wrath of Beogh upon you.
Beogh smites you!
You take 16 damage, and have 31/47 hp.
MASSIVE DAMAGE!!
The orc priest calls down the wrath of Beogh upon you.
Beogh smites you!
* * * LOW HITPOINT WARNING * * *
You focus on the pain.
You feel agile all of a sudden.
You take 13 damage, and have 18/47 hp.
MASSIVE DAMAGE!!
As you read the scroll of fear, it crumbles to dust.
You assume a fearsome visage.
The orc looks frightened!
The orc priest looks frightened! x2; The orc looks frightened! x2
There is a stone staircase leading up here.
You climb upwards. 2 gnolls and an ogre come into view.
The ogre shouts!
The gnoll shouts!
Found 25 gold pieces and a scroll labelled ENICZIU LYNUMN.
There is a stone staircase leading down here.
Throw: 6 darts (curare)
Press: ? - help, Q - select action, (/) - cycle Shift-Dir - straight line, f - ogre
Aim: an ogre, wielding a +0 giant club You throw a curare-tipped dart.
The curare-tipped dart hits the ogre.
The ogre is poisoned.
The ogre convulses.
The ogre seems to slow down.
The ogre is moderately wounded.
A gnoll comes into view. It is wielding a +0 club.
A gnoll comes into view. It is wielding a +0 whip.
Found a rapier.
You see here 13 gold pieces.
The gnoll shouts!
The ogre hits you with a +0 giant club!!
You die...

█████████████..
............gg.
.............g.
...........g...
......?........
...............
█>.....█
█$.....█
█@.....▲
█O....$█
..(....█
▲.......█
█.......▲
█.......█
.....)...█
.........█


You could see an ogre (very poisoned, slow) and 4 gnolls.

Vanquished Creatures
  An ice beast (D:5)
  3 ogres
  A bullfrog (D:5)
  A hound zombie (D:5)
  An adder (D:5)
  A white imp (D:5)
  A worm (D:5)
  A leopard gecko (D:5)
  An orc (D:4)
  A giant cockroach (D:4)
  3 jackals (D:5)
  A quokka (D:5)
  4 frilled lizards
20 creatures vanquished.

Notes
Turn   | Place    | Note
-------+----------+-------------------------------------------
     0 | D:5      | Goblin1989 the Demonspawn Delver began the quest for the
                  | Orb.
     0 | D:5      | Reached XP level 1. HP: 18/18 MP: 1/1
    32 | D:5      | Reached skill level 2 in Short Blades
   342 | D:5      | Noticed an ogre
   350 | D:5      | Killed an ogre
   351 | D:5      | Reached skill level 4 in Short Blades
   351 | D:5      | Gained mutation: You have large cloven feet. [demonic
                  | ancestry]
   351 | D:5      | Reached XP level 2. HP: 24/24 MP: 2/2
   351 | D:5      | Reached XP level 3. HP: 29/29 MP: 3/3
   351 | D:5      | Gained mutation: You sometimes gain a little power by
                  | taking damage. [demonic ancestry]
   351 | D:5      | Reached XP level 4. HP: 35/35 MP: 4/4
   499 | D:5      | Noticed a bullfrog
   518 | D:5      | Killed a bullfrog
   519 | D:5      | Reached skill level 5 in Short Blades
   519 | D:5      | Gained mutation: You have hoof-like feet. [demonic
                  | ancestry]
   519 | D:5      | Reached XP level 5. HP: 12/41 MP: 5/5
   815 | D:5      | Noticed an ogre
   857 | D:5      | Killed an ogre
   871 | D:5      | Reached XP level 6. HP: 41/47 MP: 6/6
   891 | D:4      | Found a shimmering altar of Xom.
   899 | D:4      | Reached skill level 6 in Short Blades
  1082 | D:5      | Noticed an ice beast
  1085 | D:5      | Killed an ice beast
  1345 | D:4      | You fall into a shaft and drop 3 floors!
  1360 | D:6      | Slain by an ogre

Illustrated notes

Levels and vault maps discovered:
D:4:      lemuel_upstairs_altar, layout_rooms, uniq_eustachio, uniq_purgy,
          uniq_duvessa, uniq_grinder, uniq_menkaure
D:5:      layout_rooms, nrook_uturn
D:6:      layout_gridville, grunt_ministairs_11
D:7:      minmay_angry_zag, layout_gridville, temple_hall, elyvilon_altar_3

Skill      XL: |  1  2  3  4  5  6 |
---------------+-------------------+-----
Short Blades   | 4 5 6 |  6.7
Fighting       | |  3.0
Dodging        | |  1.7
Stealth        | |  4.5

Action                   |  1- 3 |  4- 6 || total
-------------------------+-------+-------++-------
Melee: Short sword       |    30 |    48 ||    78
       Kick              |       |    10 ||    10
Throw: Dart              |       |    10 ||    10
Evoke: Wand              |     1 |       ||     1
  Use: Scroll            |       |     1 ||     1
 Stab: Paralysed         |     2 |       ||     2
       Sleeping          |       |     1 ||     1
Armor: Leather armour    |    10 |     9 ||    19
Dodge: Dodged            |    40 |    16 ||    56
